 Dungeon Crawl Stone Soup version 0.30-a0-187-gd9c2deaf24 (webtiles) character file.

Game seed: 7652219877932465478

1743 pokeman the Thaumaturge (level 8, -2/45 HPs)
             Began as a Deep Elf Hedge Wizard on Oct 3, 2022.
             Slain by an ice beast (12 damage)
             ... on level 6 of the Dungeon.
             The game lasted 00:13:13 (6524 turns).

pokeman the Thaumaturge (Deep Elf Hedge Wizard)     Turns: 6524, Time: 00:13:14

Health: -2/45      AC:  4    Str:  7    XL:     8   Next: 77%
Magic:  10/24      EV: 13    Int: 22    God:
Gold:   281        SH:  0    Dex: 20    Spells: 18/28 levels left

rFire   . . .      SeeInvis .    a - +1 rapier (venom)
rCold   . . .      Faith    .    (no shield)
rNeg    . . .      Spirit   .    m - +0 leather armour
rPois   .          Reflect  .    c - +0 hat
rElec   .          Harm     .    f - +0 cloak
rCorr   +          Rampage  .    (no gloves)
Will    .....                    (no boots)
Stlth   ++........               n - amulet of regeneration
HPRegen 1.07/turn                t - +6 ring of dexterity
MPRegen 0.19/turn                o - ring of resist corrosion

@: on blink cooldown, very slightly contaminated
A: no striking features
a: no special abilities


You were on level 6 of the Dungeon.
You visited 1 branch of the dungeon, and saw 6 of its levels.

You collected 473 gold pieces.
You spent 192 gold pieces at shops.

Inventory:

Hand Weapons
 a - a +1 rapier of venom (weapon)
Armour
 c - a +0 hat (worn)
 f - a +0 cloak (worn)
 m - a +0 leather armour (worn)
Jewellery
 n - an amulet of regeneration (around neck)
 o - a ring of resist corrosion (right hand)
 t - a +6 ring of dexterity (left hand)
 u - an amulet of guardian spirit
Wands
 v - a wand of mindburst (28)
Scrolls
 e - 2 scrolls of fog {unknown}
 g - 5 scrolls of teleportation
 i - a scroll of enchant armour {unknown}
 j - 3 scrolls of poison {unknown}
 k - a scroll of vulnerability {unknown}
 p - 7 scrolls of identify
 r - 3 scrolls of noise {unknown}
 s - a scroll of magic mapping
 x - 3 scrolls of fear {unknown}
Potions
 b - 2 potions of degeneration {unknown}
 d - a potion of magic
 h - 3 potions of heal wounds {unknown}
 l - 2 potions of flight {unknown}
 q - 5 potions of curing {unknown}
 w - a potion of might {unknown}
 z - a potion of mutation {unknown}
 A - a potion of resistance {unknown}
 B - a potion of invisibility {unknown}
 C - a potion of cancellation {unknown}


   Skills:
 + Level 2.6 Fighting
 - Level 3.0 Armour
 - Level 3.0 Dodging
 - Level 3.1 Stealth
 * Level 10.9 Spellcasting
 + Level 5.9 Conjurations
 - Level 1.1 Summonings
 - Level 1.1 Translocations
 - Level 1.1 Air Magic
 - Level 1.3 Poison Magic
 - Level 1.1 Evocations


You had 18 spell levels left.
You knew the following spells:

 Your Spells              Type           Power      Damage    Failure   Level
a - Magic Dart            Conj           100%       1d8       1%          1
b - Mephitic Cloud        Conj/Pois/Air  24%        N/A       8%          3
c - Call Imp              Summ           16%        N/A       8%          2
d - Blink                 Tloc           32%        N/A       8%          2
e - Poisonous Vapours     Pois/Air       34%        N/A       7%          2

Your spell library contained the following spells:

 Spells                   Type           Power      Damage    Failure   Level
 Sting                    Tmut/Pois      60%        1d6       6%          1
 Beastly Appendage        Tmut           24%        N/A       9%          1
 Slow                     Hex            48%        N/A       9%          1
 Cigotuvi's Dreadful Rot  Necr/Pois/Air  30%        N/A       9%          2
 Wereblood                Tmut           12%        N/A       12%         2
 Gell's Gravitas          Tloc           16%        N/A       16%         3
 Lesser Beckoning         Tloc           32%        N/A       16%         3
 Teleport Other           Tloc           16%        N/A       16%         3
 Spider Form              Tmut/Pois      15%        N/A       19%         3
 Olgreb's Toxic Radiance  Pois           18%        N/A       41%         4


Dungeon Overview and Level Annotations

Branches:
Dungeon (6/15)
 Temple: D:4-7

Altars:
Uskayaw

Shops:
D:2 ?   D:3 (   D:4 ?   D:6 (

Annotations:
D:4 3 runed translucent doors, gelatine's ghost, novice MiFi


Message History

Aiming: Magic Dart (safe; 1% risk of failure)
Press: ? - help, Shift-Dir - straight line, f/p - ice beast
Aim: an ice beast (severely wounded, 100% to hit)
The magic dart hits the ice beast.
The ice beast is almost dead.
The ice beast hits you. The ice beast freezes you!
Casting: Magic Dart (safe; 1% risk of failure)
Confirm with . or Enter, or press ? or * to list all spells.
Aiming: Magic Dart (safe; 1% risk of failure)
Press: ? - help, Shift-Dir - straight line, f/p - ice beast
Aim: an ice beast (almost dead, 100% to hit)
The magic dart hits the ice beast but does no damage.
The ice beast is almost dead.
The ice beast hits you. The ice beast freezes you.
* * * LOW HITPOINT WARNING * * *
Casting: Magic Dart (safe; 1% risk of failure)
Confirm with . or Enter, or press ? or * to list all spells.
Aiming: Magic Dart (safe; 1% risk of failure)
Press: ? - help, Shift-Dir - straight line, f/p - ice beast
Aim: an ice beast (almost dead, 100% to hit)
You miscast Magic Dart.
You are very lightly contaminated with residual magic.
Nothing appears to happen.
The ice beast hits you but does no damage.
Casting: Magic Dart (safe; 1% risk of failure)
Confirm with . or Enter, or press ? or * to list all spells.
You blink.
A bullfrog comes into view.
Found Sefrun's Antique Weapon Shoppe.
Casting: Blink (safe; 8% risk of failure)
Confirm with . or Enter, or press ? or * to list all spells.
Aiming: Magic Dart (safe; 1% risk of failure)
Press: ? - help, Shift-Dir - straight line, f/p - ice beast
Aim: an ice beast (almost dead, 100% to hit)
The magic dart hits the ice beast.
The ice beast is almost dead.
The ice beast hits you.
* * * LOW HITPOINT WARNING * * *
The ice beast freezes you!
You die...

#8.........8#
###.......### ..
##.....## .# . ##...##
.. .. #8...8# .##.
##...## #∩.. #†..#
#####..#
##...#####§.....# #.
#8...8##...#Y@..# # #.
#####...##..###....#
#.#. ...........##
#....# .#.
.....................
...
###############....###
#. #....F #. #......
#. ####.... #. #.


You could see an ice beast and a bullfrog (asleep).

Vanquished Creatures
  A steam dragon (D:6)
  A water moccasin (D:5)
  Duvessa (D:4)
  3 black bears
  2 sky beasts
  An ice beast (D:4)
  2 ogres
  2 phantoms
  3 scorpions (D:5)
  3 hounds
  A jelly (D:4)
  An orc priest (D:4)
  Jessica (D:3)
  5 adders
  3 ufetubi
  4 dart slugs
  4 orcs
  12 ball pythons
  6 endoplasms
  9 giant cockroaches
  4 goblins
  8 hobgoblins
  3 jackals (D:1)
  9 kobolds
  2 quokkas
  7 bats
  2 frilled lizards
  4 rats
104 creatures vanquished.

Vanquished Creatures (collateral kills)
  Dowan (D:4)
  2 worms (D:2)
  A quokka (D:2)
4 creatures vanquished.

Grand Total: 108 creatures vanquished

Notes
Turn   | Place    | Note
-------+----------+-------------------------------------------
     0 | D:1      | pokeman the Deep Elf Hedge Wizard began the quest for the
                  | Orb.
     0 | D:1      | Reached XP level 1. HP: 10/10 MP: 7/7
   201 | D:1      | Reached XP level 2. HP: 16/16 MP: 6/9
   567 | D:1      | Reached skill level 5 in Spellcasting
   837 | D:1      | Reached XP level 3. HP: 6/20 MP: 4/11
   841 | D:1      | Learned a level 3 spell: Mephitic Cloud
   844 | D:1      | Learned a level 2 spell: Call Imp
   847 | D:1      | Learned a level 2 spell: Blink
   850 | D:1      | Learned a level 2 spell: Poisonous Vapours
  1397 | D:2      | Found a faded altar of an unknown god.
  1717 | D:2      | Reached skill level 1 in Fighting
  1717 | D:2      | Reached skill level 1 in Armour
  1866 | D:2      | Reached XP level 4. HP: 25/25 MP: 1/13
  2476 | D:2      | Found Molaiwen's Magic Scroll Boutique.
  2537 | D:2      | Bought a scroll of magic mapping for 97 gold pieces
  2537 | D:2      | Bought a scroll of teleportation for 39 gold pieces
  2942 | D:3      | Noticed Jessica
  2945 | D:3      | Killed Jessica
  2946 | D:3      | Reached skill level 6 in Spellcasting
  2946 | D:3      | Reached XP level 5. HP: 29/29 MP: 6/15
  3139 | D:3      | Found Kamn's Weapon Emporium.
  3774 | D:4      | Found Jahaorhi's Magic Scroll Emporium.
  3774 | D:4      | Noticed an ogre
  3783 | D:4      | Killed an ogre
  3784 | D:4      | Reached skill level 1 in Air Magic
  3784 | D:4      | Reached skill level 1 in Poison Magic
  3791 | D:4      | Reached XP level 6. HP: 34/34 MP: 1/17
  3899 | D:4      | Bought a scroll of identify for 28 gold pieces
  3899 | D:4      | Bought a scroll of identify for 28 gold pieces
  3980 | D:4      | Noticed Duvessa
  3980 | D:4      | Noticed Dowan
  3999 | D:4      | Killed Duvessa
  4000 | D:4      | Reached skill level 7 in Spellcasting
  4003 | D:4      | Killed Dowan
  4004 | D:4      | Reached skill level 1 in Evocations
  4260 | D:4      | Found a runed translucent gate.
  4261 | D:4      | Found a runed translucent gate.
  4261 | D:4      | Noticed gelatine's ghost (novice MiFi)
  4261 | D:4      | Noticed an ice beast
  4297 | D:4      | Killed an ice beast
  4298 | D:4      | Reached XP level 7. HP: 39/39 MP: 8/20
  4389 | D:4      | Found a runed translucent gate.
  4698 | D:4      | Reached skill level 8 in Spellcasting
  5051 | D:5      | Entered Level 5 of the Dungeon
  5183 | D:5      | Reached skill level 9 in Spellcasting
  5351 | D:5      | Reached XP level 8. HP: 44/44 MP: 16/23
  5503 | D:5      | Reached skill level 5 in Conjurations
  5625 | D:5      | Reached skill level 10 in Spellcasting
  5896 | D:5      | Found a hide-covered altar of Uskayaw.
  6523 | D:6      | Found Sefrun's Antique Weapon Shoppe.
  6524 | D:6      | Slain by an ice beast

Illustrated notes

Levels and vault maps discovered:
D:1:      grunt_arrival_crossed_arrows, layout_basic
D:2:      minmay_skewed_foursquare, layout_basic, shapermc_ecumenical_altar_gd,
          serial_shops, shop_scrolls, grunt_decor_arrowhead,
          minmay_small_reverse_x
D:3:      layout_basic, serial_shops, shop_fountains, uniq_jessica
D:4:      black_bear_nest_2, layout_loops_ring, gammafunk_ghost_split,
          serial_shops, nicolae_shop_behind_doors, uniq_duvessa
D:5:      layout_loops_cross, nicolae_uskayaw_suspiria, nrook_uturn,
          minmay_misc_feat_plants
D:6:      layout_basic, temple_doors_e, serial_corexii_hall,
          corexii_hall_statues_l, chequers_hall_statues_y, serial_shops, shop

Skill      XL: |  1  2  3  4  5  6  7  8 |
---------------+-------------------------+-----
Spellcasting   | 5 6 7 9 10 | 10.9
Fighting       | 1 2 |  2.6
Armour         | 1 2 3 |  3.0
Conjurations   | 2 3 4 5 |  5.9
Dodging        | 3 |  3.0
Stealth        | 3 |  3.1
Air Magic      | 1 |  1.1
Poison Magic   | 1 |  1.3
Evocations     | 1 |  1.1
Summonings     | |  1.1
Translocations | |  1.1

Action                   |  1- 3 |  4- 6 |  7- 9 || total
-------------------------+-------+-------+-------++-------
Melee: Dagger            |    50 |    25 |       ||    75
       Punch             |       |     2 |     2 ||     4
       War axe           |       |    10 |       ||    10
       Rapier            |       |       |    45 ||    45
 Cast: Magic Dart        |    89 |   119 |    72 ||   280
       Poisonous Vapours |     5 |    11 |     7 ||    23
       Call Imp          |     1 |     3 |     3 ||     7
       Mephitic Cloud    |       |     3 |    13 ||    16
       Blink             |       |     1 |     1 ||     2
 Stab: Confused          |       |     1 |    10 ||    11
Armor: Robe              |    15 |       |       ||    15
       Leather armour    |     2 |    17 |     9 ||    28
Dodge: Dodged            |    47 |    34 |    44 ||   125

Table legend: (Time is in decaauts)
 A = Elapsed time spent in this place.
 B = Non-inter-level travel time spent in this place.
 C = Inter-level travel time spent in this place.
 D = Time resting spent in this place.
 E = Time spent auto-exploring this place.
 F = Levels seen in this place.
 G = Mean time per level.
                   A        B        C        D        E       F      G
               +--------+--------+--------+--------+--------+-----+--------+
         Total |   6534 |   6301 |    233 |    198 |   5118 |   6 | 1089.0 |
       Dungeon |   6534 |   6301 |    233 |    198 |   5118 |   6 | 1089.0 |
               +--------+--------+--------+--------+--------+-----+--------+

Top non-repeatable levels by time:
     D:4: 1483 daAuts
     D:2: 1481 daAuts
     D:1: 1393 daAuts
     D:5: 968 daAuts
     D:3: 710 daAuts
     D:6: 497 daAuts
